 Dungeon Crawl Stone Soup version 0.27.1-3-gb3d3a73c9e (webtiles) character file.

Game seed: 1258126630231296236

28 khargal the Skirmisher (level 3, 0/29 HPs)
             Began as a Demonspawn Monk on Oct 19, 2021.
             Slain by Terence (6 damage)
             ... on level 1 of the Dungeon.
             The game lasted 00:02:34 (1620 turns).

khargal the Skirmisher (Demonspawn Monk)            Turns: 1620, Time: 00:02:35

Health: 0/29       AC:  5    Str: 12    XL:     3   Next: 0%
Magic:  3/3        EV: 12    Int: 11    God:
Gold:   26         SH:  0    Dex: 15    Spells: 2/2 levels left

rFire    . . .     SeeInvis .   a - +0 spear
rCold    . . .     Faith    .   (no shield)
rNeg     . . .     Spirit   .   f - +0 leather armour
rPois    .         Reflect  .   (no helmet)
rElec    .         Harm     .   (no cloak)
rCorr    .         Rampage  .   (no gloves)
Will     .....                  (no boots)
Stlth    ++........             (no amulet)
HPRegen  0.09/turn              (no ring)
MPRegen  0.08/turn              (no ring)

@: no status effects
A: molten scales 1
a: no special abilities


You were on level 1 of the Dungeon.
You visited 1 branch of the dungeon, and saw 2 of its levels.

You collected 26 gold pieces.

Inventory:

Hand Weapons
 a - a +0 spear (weapon)
 d - a +0 dagger of venom
Armour
 b - a +0 robe
 f - a +0 leather armour (worn)
Scrolls
 c - a scroll of enchant armour {unknown}


   Skills:
 + Level 3.3 Fighting
 + Level 3.1 Polearms
 + Level 3.0 Dodging
 + Level 2.0 Stealth


You had 2 spell levels left.
You didn't know any spells.
Your spell library was empty.

Dungeon Overview and Level Annotations

Branches:
Dungeon (2/15)

Altars:

Annotations:
D:1 Terence


Innate Abilities, Weirdness & Mutations

You are partially covered in molten scales. (AC +2)


Message History

You are too injured to fight recklessly!
You are too injured to fight recklessly!
You are too injured to fight recklessly!
You are too injured to fight recklessly!
You are too injured to fight recklessly!
You are too injured to fight recklessly!
You closely miss Terence.
Terence is heavily wounded.
Terence shouts, "Now you die!" Terence barely misses you.
You hit Terence but do no damage.
Terence is heavily wounded.
Terence misses you.
You hit Terence.
Terence is heavily wounded.
Terence hits you with a +0 morningstar!
* * * LOW HITPOINT WARNING * * *
There is a stone staircase leading up here.
Terence closely misses you.
You climb upwards.
There is a stone staircase leading down here.
You see here a +0 club.
Terence screams, "I'm going to kill you!"
You see here a +0 tower shield.
Terence is nearby!
It was a potion of curing.
You feel better.
You hit Terence but do no damage.
Terence is heavily wounded.
Terence hits you with a +0 morningstar!
* * * LOW HITPOINT WARNING * * *
You hit Terence but do no damage.
Terence is heavily wounded.
Terence barely misses you.
You hit Terence but do no damage.
Terence is heavily wounded.
Terence closely misses you.
You hit Terence but do no damage.
Terence is heavily wounded.
Terence hits you with a +0 morningstar.
You die...

####### ####.....#
#....###.######### #.##.#
#...@@....#
######.##.###.#######.####
#...##.##......## #.....#
#...............# #.[##.#
#...##.###.....## #...#.#
##..##)###..#.## #.#.#.#
#............# #.....#
##.##.###.##.# ###.###
###.##.# #.##'## #.#


You could see Terence.

Vanquished Creatures
  3 giant cockroaches (D:1)
  5 goblins (D:1)
  4 hobgoblins (D:1)
  3 ball pythons (D:1)
  3 frilled lizards (D:1)
  5 kobolds (D:1)
  2 rats (D:1)
25 creatures vanquished.

Notes
Turn   | Place    | Note
-------+----------+-------------------------------------------
     0 | D:1      | khargal the Demonspawn Monk began the quest for the Orb.
     0 | D:1      | Reached XP level 1. HP: 18/18 MP: 1/1
   293 | D:1      | Found a faded altar of an unknown god.
   624 | D:1      | Gained mutation: You are partially covered in molten
                  | scales. (AC +2) [demonic ancestry]
   624 | D:1      | Reached XP level 2. HP: 20/24 MP: 2/2
  1216 | D:1      | Reached XP level 3. HP: 29/29 MP: 3/3
  1562 | D:2      | Noticed Terence
  1620 | D:1      | Slain by Terence

Illustrated notes

Levels and vault maps discovered:
D:1:      nicolae_arrival_somewhat_less_tricky_arrival, layout_loops_corners,
          dreamdust_ecumenical_altar_grove, minmay_statues_item,
          kennysheep_crisscross
D:2:      minmay_general_purpose_star, layout_loops_ring, minmay_3d_cube,
          uniq_terence

Skill      XL: |  1  2 |
---------------+-------+-----
Polearms       | 3 |  3.1
Stealth        | 2 |  2.0
Dodging        | 3 |  3.0
Fighting       | |  3.3

Action                   || total
-------------------------++-------
Melee: Spear             ||   102
  Use: Potion            ||     1
 Stab: Sleeping          ||     4
Armor: Robe              ||    13
       Leather armour    ||     2
Dodge: Dodged            ||    46
